 Dungeon Crawl Stone Soup version 0.32-a0-520-g344ed53f66 (webtiles) character file.

Game seed: 4854629512124990292

15768 ezpacito the Trooper (level 12, -20/91 HPs)
             Began as a Demonspawn Chaos Knight on Feb 27, 2024.
             Was a Plaything of Xom.
             Demolished by a minotaur
             ... wielding a +3 dagger of holy wrath
              (32 damage)
             ... in a Gauntlet on Feb 28, 2024.
             The game lasted 00:26:00 (11932 turns).

ezpacito the Trooper (Demonspawn Chaos Knight)     Turns: 11932, Time: 00:26:01

Health: -20/91     AC: 11    Str: 18    XL:     12   Next: 4%
Magic:  0/20       EV: 13    Int: 12    God:    Xom [*.....]
Gold:   830        SH: 17    Dex: 16    Spells: 2/22 levels left

rFire   . . .        v - +3 war axe (chaos)
rCold   . . .        p - +2 kite shield
rNeg    . . .        y - +1 leather armour "Eshir" {rElec Stlth+}
rPois   .            (helmet restricted)
rElec   +            x - +2 cloak
rCorr   +            G - +2 pair of gloves {Str+3}
SInv    +            (boots unavailable)
Will    .....        (no amulet)
Stlth   ++++         n - ring of resist corrosion
HPRegen 0.35/turn    (no ring)
MPRegen 0.34/turn

%: no teleportation, clarity, guardian spirit
@: mighty
A: hooves 3, large bone plates 2, demonic guardian 1, magic shield, magic
regeneration, horns 1, see invisible, clarity, passive freeze, sense
surroundings 1, screaming 1, inability to read after injury 2, MP-powered wands,
sturdy frame 1
a: Renounce Religion


You were in a Gauntlet.
You worshipped Xom.
You were a special plaything of Xom.
You visited 2 branches of the dungeon, and saw 12 of its levels.
You also visited: Gauntlet.

You collected 830 gold pieces.

Inventory:

Hand Weapons
 j - the +5 shortbow of the Traitor {drain, rElec rC+ Int+2}
   (You found it on level 2 of the Dungeon)

   Int+2:     It affects your intelligence (+2).
   rC+:       It protects you from cold.
   rElec:     It insulates you from electricity.
 o - the +0 long sword of Puyppa {drain, rPois}
   (You found it on level 2 of the Dungeon)

   rPois:     It protects you from poison
 r - a +0 battleaxe
 v - a +3 war axe of chaos (weapon)
Missiles
 a - 3 poisoned darts
 h - 4 atropa-tipped darts
 i - 16 boomerangs (quivered)
 k - 4 javelins
 w - 6 curare-tipped darts
Armour
 d - a +0 plate armour
 p - a +2 kite shield (worn)
 x - a +2 cloak (worn)
 y - the +1 leather armour "Eshir" (worn) {rElec Stlth+}
   (You found it on level 7 of the Dungeon)

   rElec:     It insulates you from electricity.
   Stlth+:    It makes you more stealthy.
 B - a +0 helmet
 G - a +2 pair of gloves of strength (worn)
 J - the +1 helmet of a wizard's laboratory {Str+3}
   (You found it in a Gauntlet)

   Str+3:     It affects your strength (+3).
Magical Staves
 c - a staff of cold
 g - a staff of earth
 A - a staff of alchemy
Jewellery
 n - a ring of resist corrosion (left hand)
 M - an amulet of guardian spirit
Talismans
 m - a blade talisman
Wands
 f - a wand of flame (3)
 H - a wand of quicksilver (3)
Scrolls
 l - 2 scrolls of brand weapon
 q - 7 scrolls of teleportation
 s - 3 scrolls of vulnerability
 t - 2 scrolls of immolation
 C - a scroll of silence
 I - a scroll of enchant armour {unknown}
 K - a scroll of blinking
 L - a scroll of acquirement {unknown}
Potions
 b - a potion of cancellation
 u - a potion of mutation
 z - 2 potions of attraction
 D - a potion of lignification
 E - a potion of heal wounds
 F - a potion of curing


   Skills:
 * Level 7.4 Fighting
 * Level 6.6(7.2) Axes
 + Level 4.0(5.9) Polearms
 + Level 3.8 Throwing
 * Level 6.3 Armour
 * Level 6.0 Dodging
 + Level 4.2 Stealth
 + Level 3.0 Shields
 * Level 5.7 Unarmed Combat
 * Level 5.8 Spellcasting
 + Level 2.8 Summonings
 * Level 2.6 Necromancy
 + Level 2.3 Fire Magic
 + Level 2.4 Ice Magic
 + Level 2.5 Air Magic
 + Level 2.7 Alchemy
 + Level 2.0 Evocations


You had 2 spell levels left.
You knew the following spells:

 Your Spells              Type           Power      Damage    Failure   Level
a - Mercury Vapours       Alch/Air       18%        N/A       26%         2
b - Summon Ice Beast      Ice/Summ       9%         N/A       47%         3
c - Summon Blazeheart Go  Fire/Summ      9%         N/A       87%         4
d - Sculpt Simulacrum     Ice/Alch       4%         N/A       100%        6
e - Cigotuvi's Dreadful   Necr/Alch/Air  18%        N/A       26%         2
f - Call Canine Familiar  Summ           10%        N/A       43%         3

Your spell library contained the following spells:

 Spells                   Type           Power      Damage    Failure   Level
 Summon Small Mammal      Summ           40%        N/A       16%         1
 Dispel Undead            Necr           9%         3d8       86%         4
 Martyr's Knell           Necr/Summ      10%        N/A       86%         4
 Summon Lightning Spire   Summ/Air       9%         N/A       86%         4
 Animate Armour           Summ/Erth      12%        N/A       96%         4
 Lee's Rapid Deconstruct  Erth           1%         3d4*      100%        5
 Death Channel            Necr           4%         N/A       100%        6


Dungeon Overview and Level Annotations

Branches:
Dungeon (11/15)            Temple (1/1) D:7            Lair (0/5) D:10
    Orc (0/2) D:9         Gauntlet (1/1)

Altars:
Ashenzari
Cheibriados
Dithmenos
Fedhas
Gozag
Hepliaklqana
Kikubaaqudgha
Makhleb
Nemelex Xobeh
Okawaru
Qazlal
Ru
Sif Muna
Trog
Uskayaw
Vehumet
Wu Jian
Xom
Yredelemnul

Shops:
D:1 [   D:9 [

Annotations:
Gauntlet 4 transporters


Innate Abilities, Weirdness & Mutations

You have hooves in place of feet.
You are mostly covered in large bone plates. (SH +6)
A weak demonic guardian rushes to your aid.
When hurt, damage is shared between your health and your magic reserves.
You regenerate magic rapidly.
You have a pair of small horns on your head.
You have supernaturally acute eyesight. (SInv)
You possess an exceptional clarity of mind.
A frigid envelope surrounds you and freezes all who hurt you.
You passively map a small area around you.
You occasionally shout uncontrollably at your foes.
You sometimes lose the ability to read scrolls when taking damage.
You expend magic power (3 MP) to strengthen your wands.
Your movements are slightly less encumbered by armour. (ER -2)


Message History

Aim: a minotaur, wielding a +3 dagger of holy wrath, wearing a +0 chain mail and quivering javelins (lightly wounded, 84% to hit)
You feel a surge of power!
The bolt of dispelling energy hits the minotaur!
The minotaur is lightly wounded.
You closely miss the minotaur.
The minotaur furiously retaliates!
The minotaur headbutts you, but does no damage.
You kick the minotaur!
The minotaur is moderately wounded.
You block the minotaur's attack.
The minotaur gores you but does no damage.
The minotaur is very cold.
The minotaur is moderately wounded.
You closely miss the minotaur.
The minotaur furiously retaliates!
The minotaur headbutts you!
Your kick misses the minotaur.
The minotaur is moderately wounded.
The minotaur hits you with a +3 dagger of holy wrath!!
A demonic guardian appears!
You convulse!!
You block the minotaur's attack.
Unknown command.
You feel very mighty all of a sudden. You block the minotaur's attack.
The minotaur completely misses you.
You feel much better.
The minotaur hits you with a +3 dagger of holy wrath!
You convulse.
The minotaur is very cold.
The minotaur is moderately wounded.
The minotaur completely misses you.
Your iron imp hits the minotaur.
You barely miss the minotaur.
The minotaur furiously retaliates!
The minotaur headbutts you.
Your kick misses the minotaur.
The minotaur is moderately wounded.
The minotaur hits you with a +3 dagger of holy wrath!!
You convulse!!
* * * LOW HITPOINT WARNING * * *
A demonic guardian appears!
The minotaur is very cold.
The minotaur is heavily wounded.
The minotaur gores you but does no damage.
The minotaur is very cold.
The minotaur is heavily wounded.
Your iron imp hits the minotaur but does no damage.
The minotaur hits you with a +3 dagger of holy wrath!!
You die...
Xom laughs nastily!

#########.ß.#.©....
#.......#...#.ß.##.* ∆
#.####†.#...#.©.#
#.#...#.#.ß.#.ß.##. #.
#.#.©.#.#.∩.#.©.... '.
#.#...#.#.ß.#.ß.##.*.#
∆ #..####.#...#.©5#
,..
#...©...#...#.ß.##.# *
* #########.ß.#.©.@H.#
∆
...#©..ß#.⌠.#.ß.##5#,*
.ß.#...©#.ß.#...# ,..*
...#©..ß#...#...#* ##
#########...#≈≈≈#
#..ß#ß..#..###≈##
#...ß...#.## ###
#ß.ß^ß.ß#.≈##
##ß.©.ß##.≈≈#


You could see a minotaur (ally target), a friendly iron imp (summoned) and a
friendly white imp (summoned, wandering).

Vanquished Creatures
  3 two-headed ogres
  A thrashing horror (Gauntlet)
  A glowing orange brain (Gauntlet)
  2 ugly things (Gauntlet)
  A moth of wrath (Gauntlet)
  A troll (D:10)
  2 hornets
  Sigmund (D:6)
  A vampire (D:11)
  4 slime creatures (D:8)
  A shadow (D:11)
  9 yaks
  3 fire bats (Gauntlet)
  A wyvern (D:9)
  A steam dragon (D:8)
  An acid dragon (D:10)
  7 small abominations (Gauntlet)
  3 water moccasins
  A black bear (D:5)
  5 orc warriors
  2 ogres
  A tengu (Gauntlet)
  2 centaurs
  3 wolves (Gauntlet)
  5 bullfrogs
  A kobold brigand (D:8)
  2 gnoll sergeants
  2 scorpions
  8 wights
  16 killer bees
  A vampire bat (D:4)
  A howler monkey (D:7)
  An electric eel (D:8)
  A bombardier beetle (D:5)
  A lava snake (D:9)
  A jelly (D:4)
  3 gnoll boudas
  Crazy Yiuf (D:6)
  7 hounds
  8 orc priests
  4 iguanas
  A sleepcap (D:6)
  4 orc wizards
  25 gnolls
  5 adders
  2 shadow imps (D:6)
  5 white imps
  3 ufetubi (D:6)
  2 dart slugs
  3 ribbon worms (D:3)
  22 orcs
  4 bats
  4 bat skeletons (D:4)
  A bat zombie (D:4)
  9 endoplasms
  6 giant cockroaches
  6 goblins
  4 hobgoblins
  2 jackals (D:1)
  4 quokkas
  10 ball pythons
  3 frilled lizards
  13 kobolds
  9 rats
267 creatures vanquished.

Vanquished Creatures (collateral kills)
  A thrashing horror (Gauntlet)
  A hell hog (Gauntlet)
  A slime creature (D:8)
  A fire bat (Gauntlet)
  A small abomination (Gauntlet)
  2 hell hounds (Gauntlet)
  A black bear (D:5)
  2 orc warriors
  An ogre (D:2)
  A phantom (D:5)
  A bullfrog (D:10)
  3 wights
  2 orc wizards
  A gnoll (D:6)
  A white imp (D:6)
  A ribbon worm (D:5)
  An orc (D:2)
22 creatures vanquished.

Vanquished Creatures (others)
  A bullfrog (D:10)
  A kobold zombie (D:8)
2 creatures vanquished.

Grand Total: 291 creatures vanquished

Notes
Turn   | Place    | Note
-------+----------+-------------------------------------------
     0 | D:1      | ezpacito the Demonspawn Chaos Knight began the quest for
                  | the Orb.
     0 | D:1      | Reached XP level 1. HP: 18/18 MP: 1/1
    69 | D:1      | Reached skill level 1 in Dodging
    92 | D:1      | Gained mutation: A weak demonic guardian rushes to your
                  | aid. [demonic ancestry]
    92 | D:1      | Reached XP level 2. HP: 24/24 MP: 2/2
   481 | D:1      | Gained mutation: You have large cloven feet. [demonic
                  | ancestry]
   481 | D:1      | Reached XP level 3. HP: 29/29 MP: 4/4
   529 | D:1      | Found Keixt's Armour Emporium.
   543 | D:1      | XOM: silly message
   884 | D:2      | Identified the +5 shortbow of the Traitor {drain, rElec rC+
                  | Int+2}
  1141 | D:2      | Identified the +0 long sword of Puyppa {drain, rPois}
  1471 | D:2      | Noticed an ogre
  1476 | D:2      | Gained mutation: You are strong-willed. (Will+) [potion of
                  | mutation]
  1476 | D:2      | Gained mutation: You occasionally lose the ability to read
                  | scrolls when taking damage. [potion of mutation]
  1490 | D:2      | Killed an ogre
  1491 | D:2      | Reached skill level 1 in Stealth
  1491 | D:2      | Reached skill level 1 in Unarmed Combat
  1491 | D:2      | Reached skill level 1 in Spellcasting
  1491 | D:2      | Gained mutation: You have hoof-like feet. [demonic
                  | ancestry]
  1491 | D:2      | Reached XP level 4. HP: 8/35 MP: 5/5
  1636 | D:2      | Gained mutation: You regenerate magic rapidly. [demonic
                  | ancestry]
  1636 | D:2      | Reached XP level 5. HP: 41/41 MP: 5/7
  2211 | D:3      | Reached XP level 6. HP: 45/48 MP: 8/8
  2212 | D:3      | Reached skill level 1 in Polearms
  2401 | D:3      | Found a stormy altar of Qazlal.
  2454 | D:3      | Found a snail-covered altar of Cheibriados.
  2666 | D:3      | Reached skill level 4 in Fighting
  2972 | D:4      | Noticed an orc warrior
  3077 | D:4      | XOM: potion effect (attraction)
  3081 | D:4      | XOM: potion effect (haste)
  3232 | D:3      | XOM: divination: detect items
  3266 | D:4      | XOM: cast spell 'Summon Hydra'
  3271 | D:3      | XOM: divination: magic mapping
  3278 | D:3      | Killed an orc warrior
  3279 | D:3      | Reached skill level 1 in Throwing
  3279 | D:3      | Gained mutation: You have hooves in place of feet. [demonic
                  | ancestry]
  3279 | D:3      | Reached XP level 7. HP: 15/54 MP: 10/10
  3877 | D:4      | Found an ancient bone altar of Kikubaaqudgha.
  4005 | D:4      | XOM: divination: detect items
  4106 | D:4      | XOM: cloud trail
  4140 | D:4      | Found a basalt altar of Yredelemnul.
  4295 | D:5      | Entered Level 5 of the Dungeon
  4295 | D:5      | XOM: summons 2 friendly demons
  4297 | D:5      | XOM: summons friendly quasit
  4323 | D:5      | XOM: confuse monster(s)
  4330 | D:5      | Gained mutation: You are partially covered in large bone
                  | plates. (SH +4) [demonic ancestry]
  4330 | D:5      | Reached XP level 8. HP: 61/61 MP: 12/12
  4369 | D:5      | Got the Lectures on Frost and Breath
  4455 | D:5      | XOM: scenery: summon butterflies
  4470 | D:5      | XOM: cloud trail
  4477 | D:5      | XOM: god gift: book of Callings
  4499 | D:5      | XOM: give mutations
  4499 | D:5      | Gained mutation: Your movements are slightly less
                  | encumbered by armour. (ER -2) [Xom's grace]
  4499 | D:5      | Gained mutation: You passively map a small area around you.
                  | [Xom's grace]
  4499 | D:5      | Gained mutation: A frigid envelope surrounds you and
                  | freezes all who hurt you. [Xom's grace]
  4548 | D:5      | Found a radiant altar of Vehumet.
  4555 | D:5      | XOM: summons 8 friendly demons
  4707 | D:5      | XOM: give mutations
  4707 | D:5      | Gained mutation: You expend magic power (3 MP) to
                  | strengthen your wands. [Xom's mischief]
  4707 | D:5      | Gained mutation: You occasionally shout uncontrollably at
                  | your foes. [Xom's mischief]
  4707 | D:5      | Gained mutation: You have supernaturally acute eyesight.
                  | (SInv) [Xom's mischief]
  4707 | D:5      | Lost mutation: You are strong-willed. (Will+) [Xom's
                  | mischief]
  4938 | D:5      | XOM: 7-stop teleportation journey
  4995 | D:5      | Reached skill level 5 in Fighting
  5257 | D:6      | XOM: cleaving
  5681 | D:6      | Found a broken altar of Ashenzari.
  5693 | D:6      | Noticed Sigmund
  5702 | D:6      | Killed Sigmund
  5703 | D:6      | Reached XP level 9. HP: 68/68 MP: 14/14
  5863 | D:6      | XOM: 4-stop teleportation journey
  6036 | D:6      | Found a runed translucent door.
  6037 | D:6      | Noticed Crazy Yiuf
  6043 | D:6      | Killed Crazy Yiuf
  6236 | D:7      | XOM: cast spell 'Summon Mana Viper'
  6240 | D:7      | Reached skill level 5 in Axes
  6246 | D:7      | Learned a level 2 spell: Mercury Vapours
  6250 | D:7      | Learned a level 3 spell: Summon Ice Beast
  6255 | D:7      | Learned a level 4 spell: Summon Blazeheart Golem
  6262 | D:7      | Learned a level 6 spell: Sculpt Simulacrum
  6298 | D:7      | XOM: blink monster(s)
  6385 | D:7      | XOM: silly message
  6462 | D:7      | Identified the +1 leather armour "Eshir" {rElec Stlth+}
  6501 | D:7      | Reached skill level 1 in Shields
  6605 | D:7      | Found a hazy altar of Hepliaklqana.
  6730 | D:7      | Found a shimmering blue altar of Sif Muna.
  6830 | D:7      | Found a staircase to the Ecumenical Temple.
  6904 | Temple   | Entered the Ecumenical Temple
  7095 | D:8      | XOM: silly message
  7250 | D:8      | XOM: divination: magic mapping
  7264 | D:8      | Reached skill level 6 in Fighting
  7265 | D:8      | XOM: enchant monster (bad)
  7272 | D:8      | Reached skill level 5 in Armour
  7272 | D:8      | Reached skill level 1 in Summonings
  7482 | D:8      | XOM: smoke on damage
  7698 | D:8      | XOM: silly message
  7705 | D:8      | XOM: enchant monster (bad)
  7707 | D:8      | XOM: summons friendly crimson imp
  7711 | D:8      | Noticed a large slime creature
  7752 | D:8      | Noticed a two-headed ogre
  7766 | D:8      | Killed a two-headed ogre
  7767 | D:8      | Reached skill level 1 in Fire Magic
  7767 | D:8      | Reached skill level 1 in Ice Magic
  7767 | D:8      | Reached skill level 1 in Air Magic
  7767 | D:8      | Reached skill level 1 in Alchemy
  7767 | D:8      | Reached XP level 10. HP: 30/76 MP: 16/16
  7814 | D:8      | XOM: divination: magic mapping
  7972 | D:8      | Found an iron altar of Okawaru.
  7972 | D:8      | Found a burning altar of Makhleb.
  8119 | D:8      | XOM: cast spell 'Fugue of the Fallen'
  8140 | D:8      | XOM: noise
  8142 | D:8      | XOM: smoke on damage
  8263 | D:8      | XOM: silly message
  8300 | D:8      | XOM: give mutation
  8300 | D:8      | Gained mutation: You sometimes lose the ability to read
                  | scrolls when taking damage. [Xom's mischief]
  8402 | D:9      | Reached skill level 5 in Dodging
  8489 | D:9      | XOM: give mutations
  8489 | D:9      | Gained mutation: You have a pair of small horns on your
                  | head. [Xom's mischief]
  8489 | D:9      | Gained mutation: You possess an exceptional clarity of
                  | mind. [Xom's mischief]
  8558 | D:9      | XOM: silly message
  8659 | D:9      | XOM: scenery: 2 doors open
  8725 | D:9      | Found Cheibriados's Comfort Zone.
  8728 | D:9      | Found a snail-covered altar of Cheibriados.
  8774 | D:9      | XOM: summons friendly ufetubus
  8968 | D:9      | Found a hide-covered altar of Uskayaw.
  9003 | D:9      | XOM: summons 2 friendly demons
  9004 | D:9      | Reached skill level 5 in Unarmed Combat
  9136 | D:9      | XOM: 3-stop teleportation journey
  9482 | D:9      | Found a staircase to the Orcish Mines.
  9771 | D:9      | XOM: cloud trail
  9805 | D:9      | XOM: polymorph slime creature -> snapping turtle
  9851 | D:10     | Entered Level 10 of the Dungeon
  9856 | D:10     | Noticed a two-headed ogre
  9977 | D:10     | XOM: destruction
  9981 | D:10     | Found a staircase to the Lair.
  9990 | D:10     | Reached skill level 5 in Spellcasting
  9993 | D:10     | XOM: fog
  9999 | D:10     | XOM: fake destruction
 10011 | D:10     | XOM: summons 2 friendly demons
 10032 | D:10     | XOM: cast spell 'Summon Horrible Things'
 10033 | D:10     | Killed a two-headed ogre
 10034 | D:10     | Gained mutation: When hurt, damage is shared between your
                  | health and your magic reserves. [demonic ancestry]
 10034 | D:10     | Reached XP level 11. HP: 63/83 MP: 18/18
 10052 | D:10     | XOM: polymorph large abomination -> large abomination
 10115 | D:10     | XOM: noise
 10130 | D:10     | Found an opulent altar of Gozag.
 10203 | D:10     | XOM: divination: magic mapping
 10308 | D:10     | Learned a level 2 spell: Cigotuvi's Dreadful Rot
 10312 | D:10     | Learned a level 3 spell: Call Canine Familiar
 10356 | D:10     | XOM: god gift: scroll of vulnerability
 10590 | D:10     | XOM: silly message
 10788 | D:10     | Noticed a two-headed ogre
 10791 | D:10     | XOM: silly message
 10796 | D:10     | Killed a two-headed ogre
 10797 | D:10     | Reached skill level 7 in Fighting
 10836 | D:10     | XOM: divination: detect creatures
 11011 | D:11     | Reached skill level 1 in Evocations
 11042 | D:11     | Reached skill level 1 in Necromancy
 11118 | D:11     | XOM: cast spell 'Fugue of the Fallen'
 11119 | D:11     | XOM: potion effect (attraction)
 11166 | D:11     | Found a gate leading to a gauntlet.
 11171 | Gauntlet | Entered a Gauntlet
 11171 | Gauntlet | Found a transporter.
 11184 | Gauntlet | Found a transporter.
 11184 | Gauntlet | Found a transporter.
 11185 | Gauntlet | Found a transporter.
 11193 | Gauntlet | Found a transporter.
 11196 | Gauntlet | Found a transporter.
 11197 | Gauntlet | Found a transporter.
 11199 | Gauntlet | Noticed a glowing orange brain
 11200 | Gauntlet | Noticed a purple ugly thing
 11203 | Gauntlet | Noticed a cyan ugly thing
 11203 | Gauntlet | Noticed a glowing orange brain
 11207 | Gauntlet | Found a transporter.
 11209 | Gauntlet | Found a transporter.
 11210 | Gauntlet | Found a transporter.
 11212 | Gauntlet | Noticed a thrashing horror
 11216 | Gauntlet | Noticed a thrashing horror
 11218 | Gauntlet | Found a transporter.
 11221 | Gauntlet | Found a transporter.
 11222 | Gauntlet | Found a transporter.
 11226 | Gauntlet | Noticed a hell hog
 11228 | Gauntlet | Found a runed translucent gate.
 11228 | Gauntlet | Found a runed translucent gate.
 11228 | Gauntlet | Found a runed translucent gate.
 11230 | Gauntlet | Found a transporter.
 11435 | Gauntlet | XOM: potion effect (berserk rage)
 11438 | Gauntlet | XOM: silly message
 11626 | Gauntlet | Killed a glowing orange brain
 11635 | Gauntlet | a glowing orange brain changed into a tengu
 11635 | Gauntlet | XOM: polymorph glowing orange brain -> tengu
 11640 | Gauntlet | Killed a white ugly thing
 11644 | Gauntlet | XOM: divination: detect items
 11648 | Gauntlet | Killed a brown ugly thing
 11701 | Gauntlet | Identified the +1 helmet of a wizard's laboratory {Str+3}
 11712 | Gauntlet | Killed a thrashing horror
 11718 | Gauntlet | Killed a thrashing horror
 11747 | Gauntlet | Killed a hell hog
 11750 | Gauntlet | Gained mutation: You are mostly covered in large bone
                  | plates. (SH +6) [demonic ancestry]
 11750 | Gauntlet | Reached XP level 12. HP: 30/91 MP: 8/20
 11925 | Gauntlet | Noticed a minotaur
 11932 | Gauntlet | Demolished by a minotaur

Illustrated notes

Levels and vault maps discovered:
D:1:      dpeg_arrival_pond, layout_basic, serial_shops, shop,
          minmay_pentomino_s4
D:2:      minmay_door_path, layout_basic
D:3:      minmay_chambers_of_twos, layout_basic, slow_altar_2,
          overflow_temple_1_default, mainiacjoe_overflow_surrounded_room,
          serial_glass, glass_columns_b, glass_columns_b
D:4:      layout_basic, yredelemnul_altar_generic, lemuel_crystal_altar,
          kennysheep_vampire_church
D:5:      layout_loops_ring, mainiacjoe_overflow_alcove_2
D:6:      layout_cave_pools, nicolae_ashenzari_skybound, serial_demonic,
          serial_demonic_d, serial_demonic_e, serial_demonic_a,
          serial_demonic_b, uniq_sigmund, uniq_crazy_yiuf_cottage
D:7:      layout_rooms, amcnicky_altar_gilded, nzn_hepliaklqana_mist_gate,
          minmay_temple_entry_butterflies
D:8:      layout_cave_pools, nicolae_overflow_two_pavilions
D:9:      layout_loops_corners, nicolae_uskayaw_murder_on_the_dancefloor,
          david_orc_4, minmay_shop_chei, kennysheep_island_fort
D:10:     layout_loops_ring, grunt_gozag_breadcrumbs,
          due_lair_maze_entry_diamond
D:11:     layout_roguey, gauntlet_entry_generic, okawaru_ov_weapons_minmay,
          uniq_harold
Temple:   hellmonk_temple_beads
Gauntlet: gammafunk_gauntlet_77_escape_option
          [minmay_gauntlet_arena_77_double_cross,
          minmay_gauntlet_arena_77_mirror, minmay_gauntlet_arena_77_box,
          minmay_gauntlet_arena_77_terracotta_army,
          minmay_gauntlet_arena_77_run_for_it, gauntlet_exit_hidden_loot]

Skill      XL: |  1  2  3  4  5  6  7  8  9 10 11 12 |
---------------+-------------------------------------+-----
Dodging        | 1 2 3 4 5 6 |  6.0
Armour         | 2 3 4 5 6 |  6.3
Axes           | 3 4 5 6 |  6.6
Stealth        | 1 2 3 4 |  4.2
Unarmed Combat | 1 2 3 4 5 |  5.7
Spellcasting   | 1 2 3 4 5 |  5.8
Polearms       | 1 2 3 4 |  4.0
Fighting       | 4 5 6 7 |  7.4
Throwing       | 1 2 3 |  3.8
Shields        | 1 2 3 |  3.0
Summonings     | 1 2 |  2.8
Fire Magic     | 1 2 |  2.3
Ice Magic      | 1 2 |  2.4
Air Magic      | 1 2 |  2.5
Alchemy        | 1 2 |  2.7
Evocations     | 1 2 |  2.0
Necromancy     | 2 |  2.6

Action                     |  1- 3 |  4- 6 |  7- 9 | 10-12 || total
---------------------------+-------+-------+-------+-------++-------
  Melee: Hand axe          |    73 |       |   152 |       ||   225
         Kick              |     7 |       |    55 |    79 ||   141
         War axe           |       |       |     2 |   218 ||   220
         Headbutt          |       |       |       |    53 ||    53
   Fire: Shortbow          |    31 |   129 |   141 |       ||   301
  Throw: Boomerang         |       |       |    11 |     2 ||    13
  Evoke: Wand              |       |       |       |     9 ||     9
    Use: Scroll            |     1 |     5 |    13 |     6 ||    25
         Potion            |     1 |       |    14 |     6 ||    21
   Stab: Distracted        |       |       |     2 |     1 ||     3
         Sleeping          |       |       |       |     5 ||     5
         Confused          |       |       |       |     2 ||     2
 Armour: Leather armour    |    52 |    77 |    41 |   134 ||   304
         Chain mail        |       |       |   209 |       ||   209
         Skin              |       |       |    33 |       ||    33
  Dodge: Dodged            |    54 |    86 |   115 |   109 ||   364
         Repelled          |       |       |     5 |       ||     5
  Block: Other             |       |       |    13 |       ||    13
         Kite shield       |       |       |    93 |   228 ||   321

Table legend: (Time is in decaauts)
 A = Elapsed time spent in this place.
 B = Non-inter-level travel time spent in this place.
 C = Inter-level travel time spent in this place.
 D = Time resting spent in this place.
 E = Time spent auto-exploring this place.
 F = Levels seen in this place.
 G = Mean time per level.
                   A        B        C        D        E       F      G
               +--------+--------+--------+--------+--------+-----+--------+
         Total |  12204 |  11770 |    434 |    968 |   8116 |  13 |  938.8 |
       Dungeon |  11430 |  10997 |    433 |    659 |   8000 |  11 | 1039.1 |
        Temple |      1 |      1 |      0 |      0 |      0 |   1 |    1.0 |
      Gauntlet |    772 |    772 |      0 |    308 |    116 |   1 |  772.0 |
               +--------+--------+--------+--------+--------+-----+--------+

Top non-repeatable levels by time:
     D:8: 1501 daAuts
     D:9: 1482 daAuts
     D:3: 1364 daAuts
     D:2: 1222 daAuts
    D:10: 1120 daAuts
     D:4: 1051 daAuts
     D:6: 995 daAuts
     D:5: 918 daAuts
     D:7: 776 daAuts
Gauntlet: 772 daAuts
     D:1: 766 daAuts
    D:11: 230 daAuts
  Temple: 1 daAuts
